Unix NetHack Version 5.0.0-0 post-release - last build Jun 10 2026 00:39:30 (3ee93aec679c4c4259841fe613dc97188e26a321,branch:main).

Game began 2026-06-23 22:05:38, ended 2026-06-24 22:40:49.

FalseGod, neutral female gnomish Healer

                 -------
                 |.....|    --------------
     ------      |.....|    |.........^..|           -------
     |...>|      |.....|    |.....|......|           |.....|
     |.....#    #-%.....#   |^...........|###########.....{|
     |....|######|....f|#   |..........(`|#          |.....|
     |....|  # # -------#   |0.........``.####       |.....|##############
     |....|  # ##      #)   ----.---------#  ##      |.....|#     -------|----
     |....|###  ##################################   |.....-#     |..........|
     ------          ############            ###     -------##### |..........|
                     #----------------         ########)##%##   # |..........|
                     #|..............|                          ##...........|
                     #..)........<...|                            ------------
                      |..............|
                      |.........[...[|
                      ----------------

FalseGod the Embalmer        St:13 Dx:11 Co:17 In:11 Wi:17 Ch:18  Neutral
Dlvl:8  $:1051 HP:0(63) Pw:45(66) AC:-9 Xp:8 T:8424  Satiated

Latest messages:
 You try to feel what is lying here on the floor.
 Some text has been burned into the floor here.
 You feel the words: "Elbereth".
 You feel no objects here.
 You can see again.
 What do you want to write with? [- ai-kvxAD-FLNQ-TWX or ?*] ?
 You write in the dust with your fingertip.
 What do you want to write in the dust here? Elbereth
 Something is written here in the dust.
 You read: "Elbereth".
 You see no objects here.
 What do you want to write with? [- ai-kvxAD-FLNQ-TWX or ?*] ?
 The engraving on the floor vanishes!
 You write in the dust with a cursed uranium wand.
 What do you want to write in the dust here? Elbereth
 Something is written here in the dust.
 You read: "Elbejeth".
 You see no objects here.
 What do you want to call? [gikln-qvBDELNRSU or ?*] ?
 Call a uranium wand: U vanish DO NOT STASH
 There is a grave here.
 Something is engraved here on the headstone.
 You read: "Felix1, killed by a clay golem".
 You see here an unlocked large box containing 41 items.
 You stop.  Your housecat is in the way!
 There is a grave here.
 Something is engraved here on the headstone.
 You read: "Felix1, killed by a clay golem".
 You see here an unlocked large box containing 41 items.
 Something is written here in the dust.
 You read: "El|eictn".
 What do you want to write with? [- ai-kvxAD-FLNQ-TWX or ?*] ?
 Never mind.
 There is a grave here.
 Something is engraved here on the headstone.
 You read: "Felix1, killed by a clay golem".
 You see here an unlocked large box containing 41 items.
 You see here an orcish dagger.
 You hit the rock piercer!
 You kill the rock piercer!
 You see here a rock piercer corpse.
 There is a rock piercer corpse here; eat it? [ynq] (n) y
 This rock piercer corpse tastes terrible!
 You choke over your food.
 You die...
 Do you want your possessions identified? [ynq] (y) n
 Do you want to see your attributes? [ynq] (y) n
 Do you want an account of creatures vanquished? [ynaq] (y) n
 Do you want to see your conduct and achievements? [ynq] (y) n
 Do you want to see the dungeon overview? [ynq] (y) n

Inventory:
 Coins    ('$')
  $ - 1051 gold pieces
 Amulets  ('"')
  V - an uncursed amulet of guarding (being worn)
 Weapons  (')')
  F - 5 +0 daggers
  x - a rustproof +0 knife
  a - the rustproof +0 Magicbane (weapon in right hand)
  j - a +0 scalpel
 Armor    ('[')
  h - an uncursed -1 elven leather helm (being worn)
  Y - an uncursed +3 pair of leather gloves (being worn)
  P - an uncursed +0 pair of elven boots (being worn)
  l - an uncursed +0 small shield
  p - an uncursed +0 cloak of magic resistance
  n - an uncursed +0 oilskin cloak (being worn)
  t - a blessed greased rotproof +2 set of silver dragon scales (being worn)
 Comestibles  ('%')
  H - 5 uncursed apples
  C - 26 uncursed meatballs
  J - an uncursed partly eaten meatball
  I - 2 uncursed oranges
  K - 2 uncursed lizard corpses
 Scrolls  ('?')
  B - an uncursed scroll of blank paper
  g - a cursed scroll of gold detection
  c - 2 uncursed scrolls of identify
  r - an uncursed scroll of remove curse
  M - 2 cursed scrolls of remove curse
  Z - 2 uncursed scrolls of teleportation
 Potions  ('!')
  e - 3 uncursed potions of extra healing
  u - 8 uncursed potions of healing
 Rings    ('=')
  i - a cursed ring of aggravate monster
  R - an uncursed ring of fire resistance
  L - an uncursed ring of poison resistance
  N - an uncursed ring of see invisible
 Wands    ('/')
  Q - a cursed wand of create monster (0:14)
  A - a wand of lightning (0:3)
  S - a cursed wand of make invisible (0:7)
  v - a wand of opening (0:6)
  D - a cursed wand of polymorph (0:5)
  T - a wand of striking (0:0)
  W - a cursed wand of striking (0:5)
  k - a wand of teleportation (0:7)
  E - a cursed wand of undead turning (0:4)
 Tools    ('(')
  q - an uncursed sack named DO NOT BOH containing 8 items
  b - an uncursed blindfold
  X - a cursed magic marker (0:20)
  w - an uncursed magic whistle
  U - an uncursed mirror
  d - a +0 pick-axe
  o - an uncursed skeleton key
  s - an uncursed stethoscope

Contents of the sack named DO NOT BOH:
  an uncursed ring of invisibility
  an uncursed ring of levitation
  a blessed +1 ring of protection
  a blessed +1 ring of protection
  an uncursed ring of stealth
  a wand of create monster (0:8)
  a wand of digging (0:7)
  a wand of sleep (0:5)

FalseGod the Healer's attributes:

Background:
 You were an Embalmer, a level 8 female gnomish Healer.
 You were neutral, on a mission for Hermes
 who was opposed by Athena (lawful) and Poseidon (chaotic).
 You were right-handed.
 You were in the Dungeons of Doom, on level 8.
 You entered the dungeon 8424 turns ago.
 It was nighttime.
 You had 2034 experience points, 526 more were needed to attain level 9.

Basics:
 You had 0 out of 63 hit points.
 You had 45 out of 66 energy points (spell power).
 Your armor class was -9.
 Your wallet contained 1051 zorkmids.
 Autopickup was off.

Final Characteristics:
 Your strength was 13 (limit:18/50).
 Your dexterity was 11 (limit:18).
 Your constitution was 17 (limit:18).
 Your intelligence was 11 (limit:19).
 Your wisdom was 17 (limit:18).
 Your charisma was 18 (limit:18).

Final Status:
 You were satiated.
 You were unencumbered.
 You were wielding a dagger.
 You were skilled in dagger.

Final Attributes:
 You were piously aligned.
 You were magic-protected.
 You were cold resistant.
 You were poison resistant.
 You were telepathic.
 You had infravision.
 You were invisible.
 You were stealthy.
 You had a moderate defense bonus (+8).
 You were protected.
 You had reflection.
 You are dead.

Miscellaneous:
 You encountered 1 bones level.
 Total elapsed playing time was 3 hours, 36 minutes and 56 seconds.

Major events:
 Turn
    1: FalseGod the neutral female gnomish Healer entered the dungeon
  320: entered the Gnomish Mines
  480: reached Mine Town
  569: made her first wish - "blessed greased fixed +2 silver dragon scale mail", got "a greased silver dragon scale mail"
 1113: attained the rank of Empiric (level 3)
 3139: attained the rank of Embalmer (level 6)
 6326: found Magicbane on the floor
 8424: choked on a rock piercer corpse

Spells:
 Name                 Level Category     Fail Retention
 healing                1   healing        0%   51%-60%
 extra healing          3   healing        0%   51%-60%
 stone to flesh         3   healing        0%   51%-60%
 light                  1   divination     0%   51%-75%
 magic missile          2   attack        58%   51%-75%
 create monster         2   clerical      58%  76%-100%

Skills:
 Fighting Skills
   bare handed combat [Unskilled]
 Weapon Skills
   dagger             [Skilled]
   knife              [Skilled]
   short sword        [Unskilled]
   saber              [Unskilled]
   club               [Unskilled]
   mace               [Unskilled]
   quarterstaff       [Unskilled]
   polearms           [Unskilled]
   spear              [Unskilled]
   trident            [Unskilled]
   sling              [Unskilled]
   dart               [Unskilled]
   shuriken           [Unskilled]
   unicorn horn       [Unskilled]
 Spellcasting Skills
   healing spells     [Basic]

Voluntary challenges:
 Character rerolling was not enabled.
 You never genocided any monsters.
 You never polymorphed an object.
 You used 1 wish.
 You did not wish for any artifacts.
Achievements:
 You entered the Gnomish Mines.
 You entered Minetown.
 You entered a shop.
 You entered a temple.
 You attained the rank of Empiric.
 You attained the rank of Embalmer.

 The Dungeons of Doom: levels 1 to 8
    Level 1:
       A fountain.
    Level 2: "spellbooks"
       A ring shop.
       Stairs down to The Gnomish Mines.
    Level 3: "SoReflection shop + vault"
       An armor shop, many altars.
    Level 4:
    Level 5:
    Level 6: "shop"
       A general store, a sink.
    Level 7:
       Some shops, an altar.
    Level 8: "Felix's Trove" <- You were here.
       A fountain, some graves.
       Final resting place for
          you, choked on a rock piercer corpse,
          Felix1-Wiz-Gno-Mal-Neu, killed by a clay golem.
 The Gnomish Mines: levels 3 to 6
    Level 3:
    Level 4:
    Level 5:
       Many shops, a temple and an altar to Hermes, some fountains.
    Level 6:


Vanquished creatures:
  a clay golem
  a ghost
 an elven monarch
  a large cat
  a green slime
  a wraith
 an ettin zombie
  2 watchmen
  a chameleon
  a quivering blob
  2 winter wolf cubs
  3 leprechauns
 an orc-captain
 an iron piercer
 an owlbear
  2 lizards
  a chickatrice
  a housecat
  a jaguar
  2 blue jellies
  a dust vortex
  a raven
  a plains centaur
  a gnome mummy
  a snake
  4 human zombies
  2 rope golems
  a soldier ant
  a bugbear
  a quasit
  a wood nymph
  a water nymph
  a mountain nymph
  2 Mordor orcs
  2 orc shamans
  4 rock piercers
  4 rock moles
  a pony
  2 yellow lights
  a shrieker
  a violet fungus
  a gnomish wizard
  a kobold mummy
  a black naga hatchling
  a barrow wight
  a ghoul
  a paper golem
  5 giant ants
  a little dog
  2 floating eyes
  a kitten
  5 dwarves
  a homunculus
  a kobold leader
 10 hill orcs
  a rabid rat
  8 orc zombies
  a dwarf zombie
  a wererat
  a werejackal
  4 iguanas
  8 killer bees
  2 acid blobs
  3 coyotes
  a gas spore
  4 hobbits
  7 manes
  a large kobold
  6 hobgoblins
  3 giant rats
  2 cave spiders
  a brown mold
  2 yellow molds
  a red mold
  6 gnomes
  a garter snake
  5 gnome zombies
  7 geckos
  6 jackals
  a kobold
  3 goblins
 10 sewer rats
  8 grid bugs
  5 lichens
  2 kobold zombies
 13 newts
216 creatures vanquished.

No species were genocided or became extinct.

Game over:
                       ----------
                      /          \
                     /    REST    \
                    /      IN      \
                   /     PEACE      \
                  /                  \
                  |     FalseGod     |
                  |     1051 Au      |
                  | choked on a rock |
                  |  piercer corpse  |
                  |                  |
                  |                  |
                  |       2026       |
                 *|     *  *  *      | *
        _________)/\\_//(\/(/\)/\//\/|_)_______

Goodbye FalseGod the Healer...

You choked in The Dungeons of Doom on dungeon level 8 with 9974 points,
and 1051 pieces of gold, after 8424 moves.
You were level 8 with a maximum of 63 hit points when you choked.

